 Dungeon Crawl Stone Soup version 0.32-a0-418-g34023cf50c (webtiles) character file.

Game seed: 922742000002815465

538324 Muffindrake the Sorcerer (level 24, -5/210 HPs)
             Began as a Green Draconian Air Elementalist on Feb 21, 2024.
             Was the Champion of Vehumet.
             Killed from afar by a storm dragon (48 damage)
             ... with a bolt of lightning
             ... on level 4 of the Realm of Zot on Feb 22, 2024.
             The game lasted 04:43:08 (68005 turns).

Muffindrake the Sorcerer (DrAE)                    Turns: 68005, Time: 04:43:09

Health: -5/210     AC: 22    Str: 13 (17) XL:     24   Next: 65%
Magic:  32/48      EV: 15    Int: 33      God:    Vehumet [******]
Gold:   5114       SH:  5    Dex: 12 (13) Spells: 0/66 levels left

rFire   + + +        I - staff "Najearas" {rF+ Fire Ice}
rCold   . . .        R - +0 buckler "Bedwy" {Int+4}
rNeg    . . .        (body armour unavailable)
rPois   +            b - +2 hat
rElec   .            E - +2 cloak {Stlth+}
rCorr   +            h - +2 pair of gloves "Vuemuegi" {+Blink rC+}
SInv    .            l - +1 pair of boots "Omahad" {+Blink rF+ Dex-2}
Will    ++...        K - amulet "Zumaena" {Will+ Regen+ rCorr Str+3}
Stlth   ++++         u - ring "Yllol" {Fire Int+6}
HPRegen 1.35/turn    o - ring of wizardry
MPRegen 0.31/turn

%: wizardry (x1)
@: slightly contaminated
A: breathe noxious fumes, AC +12, unfitting armour, stinger 1, poison
resistance, cold-blooded, thin skeletal structure 1
}: 3/15 runes: decaying, serpentine, silver
a: Breathe Noxious Fumes, Renounce Religion, Evoke Blink


You were on level 4 of the Realm of Zot.
You worshipped Vehumet.
Vehumet was exalted by your worship.
You visited 10 branches of the dungeon, and saw 46 of its levels.
You visited 1 bazaar.
You also visited: Trove, Sewer and Volcano.

You collected 10011 gold pieces.
You spent 4897 gold pieces at shops.

Inventory:

Missiles
 a - a throwing net (quivered)
Armour
 b - a +2 hat (worn)
 h - the +2 pair of gloves "Vuemuegi" (worn) {+Blink rC+}
   (You found it in a treasure trove)

   rC+:       It protects you from cold.
   +Blink:    It lets you blink.
 l - the +1 pair of boots "Omahad" (worn) {+Blink rF+ Dex-2}
   (You acquired it on level 3 of the Vaults)

   Dex-2:     It affects your dexterity (-2).
   rF+:       It protects you from fire.
   +Blink:    It lets you blink.
 E - a +2 cloak of stealth (worn)
 R - the +0 buckler "Bedwy" (worn) {Int+4}
   (You found it on level 5 of the Lair of Beasts)

   Int+4:     It affects your intelligence (+4).
 S - a +2 pair of boots of flying
Magical Staves
 I - the staff "Najearas" (weapon) {rF+ Fire Ice}
   (You found it on level 15 of the Dungeon)

   [staff of fire]

   Base accuracy: +5 Base damage: 5 Base attack delay: 1.2 This weapon's minimum
   attack delay (0.6) is reached at skill level 12.
   rF+:       It protects you from fire.
   Fire:      It increases the power of your Fire spells.
   Ice:       It increases the power of your Ice spells.
   It falls into the 'Staves' category.
   It is a one-handed weapon.
 J - a staff of conjuration
Jewellery
 d - a ring of willpower
 g - a +6 ring of intelligence
 o - a ring of wizardry (right hand)
 u - the ring "Yllol" (left hand) {Fire Int+6}
   (You took it off a vault sentinel on level 5 of the Vaults)

   [ring of fire]

   Fire:      It enhances your fire magic.
   Int+6:     It affects your intelligence (+6).
   rF+:       It protects you from fire.
   rC-:       It makes you vulnerable to cold.
 D - a ring of positive energy
 H - the ring "Zoshitha" {+Blink rPois rF+ rCorr Str+4}
   (You took it off an orc on level 5 of the Vaults)

   [ring of resist corrosion]

   Str+4:     It affects your strength (+4).
   rF+:       It protects you from fire.
   rPois:     It protects you from poison +Blink: It lets you blink.
   rCorr:     It protects you from acid and corrosion.
 K - the amulet "Zumaena" (around neck) {Will+ Regen+ rCorr Str+3}
   (You acquired it on level 1 of the Lair of Beasts)

   [amulet of regeneration]

   Str+3:     It affects your strength (+3).
   Will+:     It increases your willpower.
   Regen+:    It increases your rate of health regeneration.
   rCorr:     It protects you from acid and corrosion.
 T - a ring of fire
Talismans
 Z - the death talisman "Cerphoa" {Int+3}
   (You bought it in a shop in a bazaar)

   [talisman of death]

   Int+3:     It affects your intelligence (+3).
Wands
 w - a wand of quicksilver (27)
 y - a wand of digging (20)
 B - a wand of mindburst (21)
 F - a wand of polymorph (13)
 L - a wand of roots (29)
 N - a wand of paralysis (39)
Scrolls
 e - 4 scrolls of brand weapon
 k - 2 scrolls of enchant armour
 m - 2 scrolls of revelation
 n - 2 scrolls of butterflies
 p - 4 scrolls of enchant weapon
 r - 21 scrolls of teleportation
 s - 3 scrolls of fear
 t - 3 scrolls of vulnerability
 A - 4 scrolls of immolation
 C - 3 scrolls of blinking
 M - a scroll of fog
 W - 21 scrolls of identify
 X - 3 scrolls of silence
Potions
 c - 2 potions of resistance
 f - 3 potions of ambrosia
 i - 4 potions of curing
 j - a potion of haste
 q - 8 potions of might
 v - 4 potions of brilliance
 x - 4 potions of berserk rage
 z - 12 potions of enlightenment
 G - 4 potions of mutation
 P - 8 potions of lignification
 Q - 5 potions of invisibility
 U - 3 potions of cancellation
 Y - a potion of heal wounds
Miscellaneous
 O - a box of beasts
 V - a tin of tremorstones (2/2)


   Skills:
 - Level 16.0 Fighting
 - Level 12.0 Staves
 - Level 10.0 Dodging
 - Level 2.0 Stealth
 - Level 6.0 Shields
 * Level 21.5 Spellcasting
 + Level 10.3 Conjurations
 - Level 4.0 Hexes
 - Level 18.0 Fire Magic
 - Level 10.0 Ice Magic
 - Level 14.0 Air Magic
 - Level 14.0 Alchemy
 - Level 12.0 Evocations
 + Level 8.3 Shapeshifting


You couldn't memorise any spells.
You knew the following spells:

 Your Spells              Type           Power      Damage    Failure   Level
a - Ignition              Fire           74%        3d19      1%          8
b - Chain Lightning       Conj/Air       43%        3d57      52%         9
c - Irradiate             Conj/Alch      43%        3d26      1%          5
d - Plasma Beam           Fire/Air       71%        2x1d88    1%          6
e - Fire Storm            Conj/Fire      69%        8d17      30%         9
f - Freezing Cloud        Conj/Ice/Air   52%        6-21      1%          5
g - Yara's Violent Unrav  Hex/Alch       38%        3d15      1%          5
h - Ozocubu's Refrigerat  Ice            50%        4d18      1%          7
i - Maxwell's Capacitive  Air            45%        ∞         2%          8
j - Olgreb's Toxic Radia  Alch           91%        N/A       1%          4

Your spell library contained the following spells:

 Spells                   Type           Power      Damage    Failure   Level
 Foxfire                  Conj/Fire      100%       2x1d9     0%          1
 Freeze                   Ice            100%       1d10      0%          1
 Magic Dart               Conj           100%       1d8       0%          1
 Shock                    Conj/Air       100%       1d9       0%          1
 Sting                    Conj/Alch      100%       1d9       0%          1
 Mercury Vapours          Alch/Air       100%       N/A       0%          2
 Searing Ray              Conj           100%       2d8       0%          2
 Static Discharge         Conj/Air       100%       3-8/arc   0%          2
 Mephitic Cloud           Conj/Alch/Air  88%        N/A       0%          3
 Swiftness                Air            91%        N/A       0%          3
 Sticky Flame             Fire/Alch      100%       2d15      0%          4
 Apportation              Tloc           70%        N/A       1%          1
 Necrotise                Necr           100%       1d9       1%          1
 Sandblast                Erth           70%        2d15      1%          1
 Summon Small Mammal      Summ           100%       N/A       1%          1
 Cigotuvi's Dreadful Rot  Necr/Alch/Air  100%       N/A       1%          2
 Ensorcelled Hibernation  Hex/Ice        100%       N/A       1%          2
 Jinxbite                 Hex            100%       N/A       1%          2
 Call Canine Familiar     Summ           35%        N/A       1%          3
 Frozen Ramparts          Ice            100%       1d16      1%          3
 Fugue of the Fallen      Necr           35%        N/A       1%          3
 Hailstorm                Conj/Ice       100%       3d16      1%          3
 Inner Flame              Hex/Fire       100%       N/A       1%          3
 Passwall                 Erth           35%        N/A       1%          3
 Sigil of Binding         Hex            58%        N/A       1%          3
 Stone Arrow              Conj/Erth      100%       3d13      1%          3
 Summon Ice Beast         Ice/Summ       80%        N/A       1%          3
 Tukima's Dance           Hex            58%        N/A       1%          3
 Volatile Blastmotes      Fire/Tloc      100%       2d18      1%          3
 Airstrike                Air            45%        2d(7-23)  1%          4
 Anguish                  Hex/Necr       24%        N/A       1%          4
 Brom's Barrelling Bould  Conj/Erth      62%        2d8       1%          4
 Cause Fear               Hex            29%        N/A       1%          4
 Dimensional Bullseye     Hex/Tloc       24%        N/A       1%          4
 Fulminant Prism          Conj/Alch      43%        3d19      1%          4
 Iskenderun's Mystic Bla  Conj/Tloc      62%        2d13      1%          4
 Summon Blazeheart Golem  Fire/Summ      100%       N/A       1%          4
 Alistair's Intoxication  Alch           60%        N/A       1%          5
 Arcjolt                  Conj/Air       43%        1d53      1%          5
 Fireball                 Conj/Fire      69%        3d26      1%          5
 Iskenderun's Battlesphe  Conj           81%        2d13      1%          5
 Conjure Ball Lightning   Conj/Air       43%        3x3d15    1%          6
 Starburst                Conj/Fire      69%        6d18      1%          6
 Orb of Destruction       Conj           40%        9d11      1%          7
 Dispel Undead            Necr           35%        3d15      4%          4
 Manifold Assault         Tloc           35%        N/A       4%          4
 Martyr's Knell           Necr/Summ      35%        N/A       4%          4
 Passage of Golubria      Tloc           35%        N/A       4%          4
 Summon Mana Viper        Hex/Summ       48%        N/A       6%          5
 Spellforged Servitor     Conj/Summ      31%        N/A       12%         7
 Death Channel            Necr           17%        N/A       54%         6
 Dispersal                Tloc           17%        N/A       54%         6
 Lehudib's Crystal Spear  Conj/Erth      31%        10d8      56%         8
 Monstrous Menagerie      Summ           17%        N/A       98%         7
 Discord                  Hex            29%        N/A       99%         8
 Shatter                  Erth           17%        3d16*     99%         9
 Disjunction              Tloc           17%        N/A       100%        8
 Dragon's Call            Summ           17%        N/A       100%        9
 Animate Armour           Summ/Erth      Unusable   N/A       N/A         4

Dungeon Overview and Level Annotations

Branches:
Dungeon (15/15)            Temple (1/1) D:6            Lair (5/5) D:9
  Swamp (4/4) Lair:2        Snake (4/4) Lair:2        Slime (0/5) Lair:5
    Orc (2/2) D:10            Elf (2/3) Orc:2        Vaults (5/5) D:13
  Crypt (0/3) Vaults:2     Depths (4/4) D:15            Zot (4/5) Depths:4
  Sewer (visited)         Volcano (visited)

Altars:
Ashenzari
Cheibriados
Dithmenos
Elyvilon
Fedhas
Gozag
Hepliaklqana
Kikubaaqudgha
Makhleb
Nemelex Xobeh
Okawaru
Qazlal
Ru
Sif Muna
Trog
Uskayaw
Vehumet
Wu Jian
Xom
Yredelemnul
Zin
The Shining One
Beogh
Jiyva

Shops:
D:4 *   Orc:2 *=[(   Elf:1 *   Snake:4 *   Vaults:1 [   Vaults:4 (

Portals:
Hell: Depths:1 Depths:2 Depths:3 Depths:4
Abyss: Depths:3
Pandemonium: Depths:2 Depths:4
Ziggurat: Depths:3

Annotations:
D:12 exclusion: obsidian statue
D:14 1 runed translucent door, Waitepy's ghost, journeyman DjAE
Lair:4 3 runed translucent doors, Hijonk's ghost, journeyman DsGl; Oria's ghost, journeyman GnSh
Lair:5 1 runed translucent door
Swamp:3 Bai Suzhen
Snake:4 Roxanne; Vashnia
Vaults:3 3 runed translucent doors, TuffENuff's ghost, veteran FoFi
Depths:3 1 runed translucent door


Innate Abilities, Weirdness & Mutations

You can breathe blasts of noxious fumes.
Your lurid green scales are hard. (AC +12)
You cannot fit into any form of body armour.
Your tail ends in a venomous barb.
Your system is resistant to poisons. (rPois)
You are cold-blooded and may be slowed by cold attacks.
You have a somewhat thin skeletal structure. (Dex +2, Stealth+)


Message History

You are caught in a violent explosion!!
Unknown command.
Unknown command.
Casting: Fire Storm (dangerous; 30% risk of failure)
Confirm with . or Enter, or press ? or * to list all spells.
You begin accumulating electric charge. (Press . to continue charging.)
You feel charge building up...
The storm dragon breathes lightning at you.
The bolt of lightning hits you!!
The storm dragon breathes lightning at you.
The bolt of lightning hits you!!
The orb of fire glows bright magenta.
The fireball explodes!
The fireball engulfs you! You resist.
You hear a roar!
You feel charge building up...
The orb of fire glows bright magenta.
The fireball explodes!
The fireball engulfs you! You resist. The red draconian breathes fire at you.
The searing blast hits you. You resist.
Unknown command.
Unknown command.
Unknown command.
The insufficient charge dissipates harmlessly.
Unknown command.
The red draconian breathes fire at you.
The searing blast misses the orb of fire.
The searing blast misses you.
The storm dragon breathes lightning at you.
The bolt of lightning hits the orb of fire.
The orb of fire completely resists.
The bolt of lightning hits you!!
* * * LOW HITPOINT WARNING * * *
The orb of fire glows yellow.
The fireball explodes!
The fireball engulfs you! You resist.
* * * LOW HITPOINT WARNING * * *
You hear a deafening roar!
The storm dragon breathes lightning at you.
The bolt of lightning misses the orb of fire.
The bolt of lightning hits you!!!
You die...

**,..#* ##...##
**...#* ##...##
*#(..#* ##Dd.########
*#...#* ##............
*#...#*
##...#☼........
*#...###*..#########..
*#...#§..## #..
*#.....## #.. ##@..##
#.. ##...## #..
##...##########..
##..............
##."...........
##############


You could see an orb of fire, a storm dragon (catching breath) and a red
draconian (catching breath).

Vanquished Creatures
  Mennas (Vaults:4)
  2 orbs of fire
  Mara (Snake:4)
  Vv (Zot:2)
  Boris (Vaults:2)
  Saint Roka (Vaults:3)
  Sojobo (Vaults:4)
  A Killer Klown (Zot:2)
  Parghit (Zot:4)
  2 curse toes
  5 golden dragons
  Jory (Depths:2)
  Norris (Vaults:2)
  18 tentacled monstrosities
  Mlioglotl (Swamp:1)
  Jorgrun (Swamp:2)
  2 titans
  A deep elf master archer (Elf:1)
  2 liches
  4 quicksilver dragons
  Asterion (Depths:2)
  A walking frostbound tome (Depths:3)
  5 sphinxes
  Frances (Elf:1)
  An ancient champion (Vaults:2)
  Agnes (D:15)
  Aizul (Snake:4)
  6 death cobs
  A revenant (Depths:2)
  7 storm dragons
  2 daevas (Depths:3)
  11 tengu reavers
  8 fire giants
  A protean progenitor (Zot:3)
  5 draconian monks
  9 shadow dragons
  2 nagarajas (Snake:4)
  A deep elf elementalist (Elf:1)
  3 draconian shifters
  3 draconian knights
  2 iron dragons
  2 deep elf sorcerers
  3 draconian scorchers
  11 frost giants
  5 draconian stormcallers
  Louise (D:15)
  21 vault wardens
  The ghost of Fastnbulbous the Fetichist, a journeyman DsDe of Gozag (Orc:2)
  3 orc warlords
  A balrug (Depths:3)
  2 ghost moths (Zot:3)
  2 spectral juggernauts (Depths:2)
  2 draconian annihilators
  A cacodemon (Depths:2)
  26 ironbound preservers
  A formless jellyfish (Vaults:2)
  14 stone giants
  6 ironbound thunderhulks
  8 green draconians
  17 very ugly things
  5 eleionomae
  6 dire elephants
  2 deep elf death magi
  7 purple draconians
  13 spark wasps
  A war gargoyle (Vaults:4)
  A deep elf annihilator (Vaults:5)
  4 yellow draconians
  2 red draconians (Zot:2)
  7 black draconians
  A spark wasp (shapeshifter) (D:15)
  An eidolon (Depths:2)
  2 crystal guardians
  A bunyip (Swamp:2)
  7 white draconians
  Josephine (Lair:4)
  An entropy weaver (shapeshifter) (D:13)
  6 fire dragons
  4 jiangshi (Depths:2)
  10 ettins
  3 deep elf high priests (Vaults:5)
  10 yaktaur captains
  A shambling mangrove (Swamp:4)
  5 ice dragons
  12 great orbs of eyes
  3 caustic shrike simulacra (Depths:2)
  2 sphinx zombies
  Erolcha (Orc:2)
  21 hydras
  4 rakshasas
  34 vault guards
  2 ghost crabs (Swamp:3)
  6 anacondas
  A spectral sphinx (Depths:2)
  3 ogre magi
  2 peacekeepers
  2 salamander tyrants
  A death knight (D:13)
  2 hell beasts (Depths:2)
  4 catoblepae (Lair:5)
  2 juggernaut simulacra (Depths:2)
  Erica (Lair:1)
  5 boulder beetles
  13 ironbound frosthearts
  7 alligators
  8 centaur warriors
  A deep troll shaman (Depths:1)
  A spectral frost giant (Depths:2)
  A spectral fire giant (Depths:2)
  2 dancing weapons (Elf:1)
  A two-headed ogre (shapeshifter) (Vaults:5)
  4 deep troll earth magi
  4 two-headed ogres
  12 death yaks
  4 tengu warriors
  2 spriggan berserkers
  6 vampire magi
  8 naga sharpshooters
  8 shock serpents
  10 naga warriors
  Urug (Orc:2)
  2 sun demons (D:15)
  2 orc high priests
  3 fire crabs
  Nergalle (Orc:2)
  15 spriggans
  A shadow wraith (Depths:2)
  4 deep elf knights
  A soul eater (Depths:4)
  A sixfirhy (Depths:4)
  A skyshark (shapeshifter) (D:13)
  2 salamander mystics
  5 skeletal warriors (D:14)
  3 skysharks
  A spectral spriggan (Depths:2)
  7 goliath frogs
  A death drake (Swamp:2)
  Lodul (D:14)
  3 iron trolls
  3 glowing orange brains
  A golden dragon zombie (Depths:2)
  4 spriggan druids
  64 deep trolls
  An orb spider (shapeshifter) (Vaults:5)
  8 bog bodies
  12 arcanists
  3 naga ritualists
  9 swamp dragons
  4 mana vipers
  A tengu zombie (Vaults:4)
  A deep troll (shapeshifter) (Vaults:5)
  3 flayed ghosts
  A lindwurm (shapeshifter) (Vaults:5)
  10 orc knights
  10 deep elf archers
  Pikel (D:6)
  7 phantasmal warriors
  8 lindwurms
  6 deep elf zephyrmancers
  A harpy (Vaults:1)
  16 ironbound convokers
  22 deep elf pyromancers
  4 necromancers
  A tengu skeleton (Vaults:4)
  2 will-o-the-wisps
  2 wolf spiders
  2 cyclopes
  An oklob plant (Lair:4)
  37 ugly things
  4 orc sorcerers
  A human zombie (Vaults:4)
  20 salamanders
  16 moths of wrath
  A human skeleton (Vaults:1)
  6 guardian serpents
  4 manticores
  A shadow dragon skeleton (Depths:2)
  5 elephants (Lair:5)
  24 black mambas
  9 meliai
  2 kobold blastminers (Orc:2)
  26 vault sentinels
  3 smoke demons
  4 naga magi
  An orange demon (Orc:2)
  6 gargoyles
  2 rust devils (D:15)
  15 cane toads
  A torpor snail (Lair:5)
  28 yaktaurs
  2 hellions
  7 rime drakes
  10 komodo dragons
  2 unseen horrors
  An efreet (D:15)
  A spectral glowing shapeshifter (Depths:2)
  8 freezing wraiths
  A golden dragon simulacrum (Depths:2)
  A yaktaur (shapeshifter) (D:13)
  9 tyrant leeches
  A tengu simulacrum (Depths:2)
  2 bloated husks (Swamp:1)
  A polar bear (shapeshifter) (Vaults:4)
  A queen bee (Lair:4)
  6 trolls
  Grinder (D:6)
  2 polar bears
  A dream sheep (shapeshifter) (Vaults:4)
  2 glass eyes
  16 hornets
  6 blink frogs
  A fire giant simulacrum (Vaults:4)
  2 frost giant simulacra (Depths:2)
  23 slime creatures
  3 raiju
  A shadow (D:12)
  4 air elementals
  5 wyverns
  A spriggan (shapeshifter) (D:15)
  11 water elementals
  12 wraiths
  A vampire (D:6)
  47 yaks
  4 basilisks
  Eustachio (D:6)
  A fire bat (Orc:2)
  3 steam dragons
  2 vampire mosquitoes (Swamp:2)
  2 wargs (Orc:1)
  A swamp worm (shapeshifter) (Vaults:2)
  23 nagas
  24 swamp worms
  An acid dragon (D:9)
  18 water moccasins
  A human simulacrum (Vaults:1)
  Duvessa (D:4)
  A hell hound (Orc:2)
  9 swamp drakes
  2 laughing skulls (Depths:2)
  4 black bears
  A glowing shapeshifter skeleton (Vaults:1)
  38 orc warriors
  3 sky beasts
  14 ogres
  6 boggarts (Vaults:2)
  3 lemures (D:6)
  10 centaurs
  2 kobold brigands
  2 gnoll sergeants
  9 bullfrogs
  5 scorpions
  9 wights
  Dowan (D:4)
  23 killer bees
  4 electric eels
  2 howler monkeys
  15 orc priests
  2 hounds
  2 gnoll boudas
  4 jellies
  Crazy Yiuf (D:6)
  Jessica (D:3)
  A sleepcap (D:6)
  3 iguanas (D:6)
  31 orc wizards
  10 gnolls
  2 river rats (Sewer)
  7 adders
  3 shadow imps
  4 white imps
  3 ufetubi
  3 ribbon worms (D:5)
  4 dart slugs
  98 orcs
  7 bats
  4 endoplasms
  3 giant cockroaches
  6 goblins
  8 hobgoblins
  2 jackals (D:1)
  5 quokkas
  5 ball pythons
  2 frilled lizards
  11 kobolds
  9 rats
1705 creatures vanquished.

Vanquished Creatures (others)
  An arcanist (D:15)
  3 ball lightnings (D:11)
4 creatures vanquished.

Grand Total: 1709 creatures vanquished

Notes
Turn   | Place    | Note
-------+----------+-------------------------------------------
     0 | D:1      | Muffindrake the Draconian Air Elementalist began the quest
                  | for the Orb.
     0 | D:1      | Reached XP level 1. HP: 14/14 MP: 3/3
    88 | D:1      | Reached XP level 2. HP: 20/20 MP: 1/5
   117 | D:1      | Learned a level 2 spell: Static Discharge
   520 | D:1      | Reached skill level 1 in Fighting
   525 | D:1      | Reached XP level 3. HP: 28/28 MP: 1/6
  1491 | D:2      | Learned a level 2 spell: Mercury Vapours
  1625 | D:2      | Reached XP level 4. HP: 35/36 MP: 2/7
  1956 | D:2      | Identified the ring of Bongeutu {Fly rN+ Str-3 Int+4}
  2634 | D:3      | Noticed Jessica
  2650 | D:3      | Killed Jessica
  2651 | D:3      | Reached XP level 5. HP: 42/42 MP: 2/9
  2871 | D:3      | Reached skill level 3 in Spellcasting
  2966 | D:3      | Learned a level 4 spell: Airstrike
  3720 | D:4      | Reached skill level 1 in Alchemy
  3720 | D:4      | Reached XP level 6. HP: 48/51 MP: 0/10
  4409 | D:4      | Found Ipriunep's Assorted Antiques.
  4420 | D:4      | Identified a scroll of acquirement
  4422 | D:4      | Bought a scroll labelled VEH JUXKOISSE for 23 gold pieces
  4422 | D:4      | Bought a scroll labelled UDGHITETH HYAKA for 23 gold pieces
  4422 | D:4      | Bought a glowing brown potion for 20 gold pieces
  4422 | D:4      | Bought a scroll labelled ROKHUXKIRO for 23 gold pieces
  4422 | D:4      | Bought a scroll labelled AXZUMYS SOKYMES for 23 gold pieces
  4422 | D:4      | Bought a scroll labelled AXZUMYS SOKYMES for 23 gold pieces
  4423 | D:4      | Acquired 1179 gold pieces
  4545 | D:4      | Your scales start taking on a lurid green colour.
  4545 | D:4      | Reached XP level 7. HP: 51/57 MP: 2/12
  4545 | D:4      | Gained mutation: Your system is resistant to poisons.
                  | (rPois) [Green Draconian growth]
  4622 | D:4      | Learned a level 3 spell: Mephitic Cloud
  4673 | D:4      | Noticed Duvessa
  4677 | D:4      | Noticed Dowan
  4693 | D:4      | Killed Duvessa
  4694 | D:4      | Killed Dowan
  4991 | D:5      | Entered Level 5 of the Dungeon
  5180 | D:5      | Reached skill level 4 in Spellcasting
  5461 | D:5      | Reached skill level 5 in Air Magic
  5489 | D:5      | Found a glowing drain.
  5529 | Sewer    | Entered a sewer
  5648 | Sewer    | Reached XP level 8. HP: 61/67 MP: 14/14
  5678 | Sewer    | Found a white marble altar of Elyvilon.
  6132 | D:6      | Reached skill level 5 in Alchemy
  6446 | D:6      | Noticed Pikel
  6463 | D:6      | Noticed Eustachio
  6471 | D:6      | Killed Pikel
  6472 | D:6      | Reached skill level 5 in Fighting
  6484 | D:6      | Killed Eustachio
  6485 | D:6      | Reached skill level 5 in Spellcasting
  6485 | D:6      | Reached skill level 5 in Conjurations
  6485 | D:6      | Reached XP level 9. HP: 71/74 MP: 16/16
  6538 | D:6      | Noticed Grinder
  6547 | D:6      | Killed Grinder
  6794 | D:6      | Found a staircase to the Ecumenical Temple.
  6804 | Temple   | Entered the Ecumenical Temple
  6811 | Temple   | Became a worshipper of Vehumet
  7153 | D:6      | Found a runed translucent door.
  7154 | D:6      | Noticed Crazy Yiuf
  7160 | D:6      | Killed Crazy Yiuf
  8722 | D:8      | Reached XP level 10. HP: 84/84 MP: 3/18
  8773 | D:8      | Noticed a two-headed ogre
  8782 | D:8      | Reached skill level 6 in Spellcasting
  8783 | D:8      | Killed a two-headed ogre
  8817 | D:8      | Reached * piety under Vehumet
  8817 | D:8      | Offered knowledge of Sting by Vehumet.
  8822 | D:8      | Noticed a centaur warrior
  8844 | D:8      | Killed a centaur warrior
  8845 | D:8      | Noticed a deep elf pyromancer
  8861 | D:8      | Reached skill level 10 in Alchemy
  8864 | D:8      | Killed a deep elf pyromancer
  9186 | D:8      | Found a sparkling altar of Nemelex Xobeh.
  9187 | D:8      | Found a shimmering altar of Xom.
  9188 | D:8      | Found a shimmering blue altar of Sif Muna.
  9190 | D:8      | Found a sacrificial altar of Ru.
  9692 | D:9      | Reached skill level 7 in Spellcasting
 10006 | D:9      | Found a staircase to the Lair.
 10006 | D:9      | Noticed a fire crab
 10012 | D:9      | Killed a fire crab
 10013 | D:9      | Reached XP level 11. HP: 92/92 MP: 9/21
 10270 | D:9      | Learned a level 5 spell: Freezing Cloud
 10276 | D:9      | Learned a level 5 spell: Yara's Violent Unravelling
 10366 | D:9      | Offered knowledge of Momentum Strike by Vehumet.
 10375 | D:9      | Reached ** piety under Vehumet
 10465 | D:9      | Reached skill level 1 in Ice Magic
 10598 | D:9      | Reached skill level 1 in Hexes
 10887 | Lair:1   | Entered Level 1 of the Lair of Beasts
 11625 | Lair:1   | Noticed Erica
 11632 | Lair:1   | Killed Erica
 11697 | Lair:1   | Reached skill level 10 in Air Magic
 11713 | Lair:1   | Acquired 779 gold pieces
 11715 | Lair:1   | Acquired the amulet "Zumaena" {Will+ Regen+ rCorr Str+3}
 12026 | Lair:2   | Noticed a death yak
 12026 | Lair:2   | Noticed a death yak
 12026 | Lair:2   | Noticed a death yak
 12026 | Lair:2   | Noticed a death yak
 12027 | Lair:2   | Noticed a death yak
 12027 | Lair:2   | Noticed a death yak
 12048 | Lair:1   | Killed a death yak
 12159 | Lair:2   | Found a dark tunnel.
 12169 | Volcano  | Entered a volcano
 12181 | Volcano  | Offered knowledge of Frozen Ramparts by Vehumet.
 12184 | Volcano  | Noticed a centaur warrior
 12186 | Volcano  | Reached skill level 8 in Spellcasting
 12227 | Volcano  | Killed a centaur warrior
 12228 | Volcano  | Reached skill level 5 in Ice Magic
 12233 | Volcano  | Found a large runed translucent door.
 12234 | Volcano  | Found a large runed translucent door.
 12247 | Volcano  | Found a large runed translucent door.
 12248 | Volcano  | Found a large runed translucent door.
 12248 | Volcano  | Found a large runed translucent door.
 12326 | Volcano  | Noticed a centaur warrior
 12327 | Volcano  | Found a large runed translucent door.
 12327 | Volcano  | Found a large runed translucent door.
 12330 | Volcano  | HP: 4/92 [centaur warrior/arrow (12)]
 12469 | Lair:2   | Reached *** piety under Vehumet
 12472 | Lair:2   | Reached XP level 12. HP: 100/100 MP: 17/24
 12527 | Lair:2   | Learned a level 3 spell: Frozen Ramparts
 12719 | Lair:2   | Found a staircase to the Snake Pit.
 13065 | Lair:2   | Killed a death yak
 13070 | Lair:2   | Killed a death yak
 13074 | Lair:2   | Killed a death yak
 13074 | Lair:2   | Killed a death yak
 13076 | Lair:2   | Killed a death yak
 13432 | Lair:2   | Found a staircase to the Swamp.
 13434 | Lair:2   | Offered knowledge of Hailstorm by Vehumet.
 13621 | Lair:3   | You fall into a shaft and drop 2 floors!
 13621 | Lair:5   | Entered Level 5 of the Lair of Beasts
 13621 | Lair:5   | Noticed a six-headed hydra
 13632 | Lair:5   | Killed a six-headed hydra
 13676 | Lair:5   | Found a runed translucent door.
 13687 | Lair:5   | Found a viscous altar of Jiyva.
 13687 | Lair:5   | Found a staircase to the Slime Pits.
 13726 | Lair:4   | Noticed a five-headed hydra
 13733 | Lair:4   | Killed a five-headed hydra
 13803 | Lair:4   | Noticed Josephine
 13811 | Lair:4   | Killed Josephine
 13812 | Lair:4   | Reached XP level 13. HP: 79/103 MP: 7/25
 13816 | Lair:4   | Reached **** piety under Vehumet
 13818 | Lair:4   | Reached skill level 1 in Evocations
 13818 | Lair:4   | Offered knowledge of Flame Wave by Vehumet.
 13934 | Lair:4   | Found a runed translucent gate.
 13934 | Lair:4   | Found a runed translucent gate.
 13935 | Lair:4   | Found a runed translucent gate.
 13938 | Lair:4   | Noticed Oria's ghost (journeyman GnSh)
 13938 | Lair:4   | Noticed Hijonk's ghost (journeyman DsGl)
 14947 | Lair:3   | Reached ***** piety under Vehumet
 15029 | Lair:3   | Offered knowledge of Conjure Ball Lightning by Vehumet.
 15962 | Lair:5   | Gained mutation: Your body sometimes deteriorates upon
                  | taking damage. [you]
 16342 | Lair:5   | Learned a level 6 spell: Conjure Ball Lightning
 16908 | Lair:5   | Gained mutation: Your tail ends in a venomous barb. [Green
                  | Draconian growth]
 16908 | Lair:5   | Reached XP level 14. HP: 115/115 MP: 26/26
 17235 | Lair:5   | Identified the +0 buckler "Bedwy" {Int+4}
 17508 | D:10     | Entered Level 10 of the Dungeon
 17674 | D:10     | Found a staircase to the Orcish Mines.
 17719 | D:10     | Acquired 885 gold pieces
 18253 | D:11     | Reached skill level 1 in Shields
 18458 | D:11     | Found a roughly hewn altar of Beogh.
 18642 | D:12     | Gained mutation: You are clumsy. (Dex -2) [you]
 19125 | D:12     | Offered knowledge of Ignite Poison by Vehumet.
 19126 | D:12     | Reached skill level 9 in Spellcasting
 19567 | D:13     | Found a gate to the Vaults.
 20369 | D:13     | Reached skill level 10 in Conjurations
 20369 | D:13     | Reached skill level 10 in Ice Magic
 21023 | D:14     | You are sucked into a shaft and drop 1 floor!
 21023 | D:15     | Entered Level 15 of the Dungeon
 21239 | D:14     | Found a runed translucent door.
 21239 | D:14     | Noticed Waitepy's ghost (journeyman DjAE)
 21278 | D:14     | Noticed Lodul
 21283 | D:14     | Killed Lodul
 21926 | D:14     | Reached XP level 15. HP: 83/125 MP: 20/28
 21943 | D:14     | Reached skill level 5 in Shields
 22441 | D:15     | Noticed Agnes
 22454 | D:15     | Killed Agnes
 22638 | D:15     | Found a staircase to the Depths.
 22638 | D:15     | Paralysed by an air elemental for 1 turns
 22656 | D:15     | Paralysed by an air elemental for 1 turns
 22780 | D:15     | Lost mutation: Your body sometimes deteriorates upon taking
                  | damage. [potion of mutation]
 22780 | D:15     | Lost mutation: You are clumsy. (Dex -2) [potion of
                  | mutation]
 22780 | D:15     | Gained mutation: You expend magic power (3 MP) to
                  | strengthen your wands. [potion of mutation]
 22780 | D:15     | Lost mutation: You expend magic power (3 MP) to strengthen
                  | your wands. [potion of mutation]
 22780 | D:15     | Gained mutation: You have a somewhat thin skeletal
                  | structure. (Dex +2, Stealth+) [potion of mutation]
 22788 | D:15     | Identified the staff "Najearas" {rF+ Fire Ice}
 22815 | D:15     | Offered knowledge of Iskenderun's Battlesphere by Vehumet.
 23096 | D:15     | Identified the staff of Subjectivity {rC+ Earth Alchemy}
 23104 | D:15     | Reached skill level 1 in Fire Magic
 23184 | D:15     | Noticed a frost giant
 23192 | D:15     | Reached skill level 1 in Staves
 23315 | D:14     | Learned a level 3 spell: Hailstorm
 23321 | D:15     | Paralysed by an air elemental for 1 turns
 23325 | D:15     | Paralysed by an air elemental for 1 turns
 23328 | D:15     | Killed a frost giant
 23473 | D:15     | Got the Cyclopedia of Frigorific Conflagration
 23481 | D:15     | Learned a level 5 spell: Fireball
 23669 | D:15     | Reached skill level 10 in Fighting
 23839 | D:15     | Paralysed by an air elemental for 1 turns
 24001 | Orc:1    | Entered Level 1 of the Orcish Mines
 24006 | Orc:1    | Reached skill level 10 in Spellcasting
 24478 | Orc:1    | Found a roughly hewn altar of Beogh.
 24792 | Orc:2    | Entered Level 2 of the Orcish Mines
 24823 | Orc:2    | Noticed Fastnbulbous's ghost (journeyman DsDe)
 24834 | Orc:2    | Offered knowledge of Arcjolt by Vehumet.
 24849 | Orc:2    | Found a runed translucent door.
 24889 | Orc:2    | Found a staircase to the Elven Halls.
 25091 | Orc:2    | Reached skill level 5 in Evocations
 25095 | Orc:2    | Noticed Nergalle
 25100 | Orc:2    | Killed Nergalle
 25180 | Orc:2    | Noticed Erolcha
 25185 | Orc:2    | Killed Erolcha
 25350 | Orc:2    | Found a roughly hewn altar of Beogh.
 25527 | Orc:2    | Found Xidor's Jewellery Shoppe.
 26279 | Orc:2    | Found Ruimir's Antique Armour Shoppe.
 26285 | Orc:2    | Bought a pair of spiked gloves for 237 gold pieces
 26285 | Orc:2    | Identified the +1 pair of gloves "Ucvatuc" {Str+5 Int+2}
                  | (You bought it in a shop on level 2 of the Orcish Mines)
 26305 | Orc:2    | Found Gathyil's General Store.
 26312 | Orc:2    | Bought a scroll of identify for 26 gold pieces
 26313 | Orc:2    | Bought a scroll of brand weapon for 123 gold pieces
 26370 | Orc:2    | Noticed Urug
 26375 | Orc:2    | Killed Urug
 26385 | Orc:2    | Found a shimmering altar of Xom.
 26441 | Orc:2    | Reached skill level 5 in Fire Magic
 26616 | Orc:2    | Found Podit's Antique Weapon Shoppe.
 26942 | Orc:2    | Bought a ring of wizardry for 450 gold pieces
 26942 | Orc:2    | Bought a ring of fire for 375 gold pieces
 26950 | Orc:2    | Learned a level 5 spell: Arcjolt
 27162 | Snake:1  | Entered Level 1 of the Snake Pit
 27299 | Snake:1  | Offered knowledge of Plasma Beam by Vehumet.
 27367 | Snake:1  | Reached XP level 16. HP: 101/136 MP: 2/30
 27857 | Snake:2  | Reached skill level 11 in Spellcasting
 28647 | Snake:2  | Learned a level 6 spell: Plasma Beam
 29631 | Snake:3  | Reached skill level 5 in Staves
 30540 | Snake:4  | Entered Level 4 of the Snake Pit
 30710 | Snake:4  | Identified the serpent talisman of the Cockatrice {MP+9
                  | SInv}
 30710 | Snake:4  | Noticed Aizul
 30719 | Snake:4  | Killed Aizul
 31311 | Snake:4  | Reached skill level 12 in Spellcasting
 31350 | Snake:4  | Noticed Roxanne
 31356 | Snake:4  | Found Hakk's Mayhem Merchandise.
 31492 | Snake:4  | Noticed Mara
 31518 | Snake:4  | Noticed Muffindrake's illusion
 31538 | Snake:4  | Killed Mara
 32186 | Snake:4  | Noticed Vashnia
 32192 | Snake:4  | Offered knowledge of Spellforged Servitor by Vehumet.
 32194 | Snake:4  | Found an iron altar of Okawaru.
 32204 | Snake:4  | Got a serpentine rune of Zot
 32220 | Snake:4  | Bought the Unrestrained Analects for 572 gold pieces
 32349 | Swamp:1  | Entered Level 1 of the Swamp
 32364 | Swamp:1  | Reached XP level 17. HP: 146/146 MP: 25/33
 32828 | Swamp:1  | Found a sacrificial altar of Ru.
 33407 | Swamp:2  | Noticed Mlioglotl
 33634 | Swamp:1  | Killed Mlioglotl
 34343 | Swamp:2  | Reached skill level 13 in Spellcasting
 34506 | Swamp:2  | Noticed Jorgrun
 34509 | Swamp:2  | Killed Jorgrun
 34914 | Swamp:3  | Reached skill level 10 in Fire Magic
 35054 | Swamp:3  | Noticed Bai Suzhen
 35481 | Swamp:2  | HP: 5/146 [bunyip (15)]
 36514 | Swamp:4  | Entered Level 4 of the Swamp
 37274 | Swamp:4  | Offered knowledge of Bombard by Vehumet.
 37923 | Swamp:4  | Identified the staff "Hoaq" {rC+ Will- Int+3 Tloc Ice}
 37971 | Swamp:4  | Identified the +6 ring mail "Deilaps" {rN+ Int+4}
 37992 | Swamp:4  | Got a decaying rune of Zot
 38059 | Swamp:4  | Reached skill level 14 in Spellcasting
 38409 | Swamp:4  | Reached XP level 18. HP: 154/154 MP: 18/36
 38630 | Swamp:4  | Learned a level 4 spell: Olgreb's Toxic Radiance
 38639 | Swamp:4  | Learned a level 7 spell: Ozocubu's Refrigeration
 39455 | Orc:2    | Killed Fastnbulbous's ghost
 39482 | Elf:1    | Entered Level 1 of the Elven Halls
 39492 | Elf:1    | Noticed Frances
 39768 | Elf:1    | Killed Frances
 40143 | Elf:1    | Found a huge runed translucent gate.
 40144 | Elf:1    | Found a huge runed translucent gate.
 40145 | Elf:1    | Found a huge runed translucent gate.
 40145 | Elf:1    | Found a huge runed translucent gate.
 40145 | Elf:1    | Found a huge runed translucent gate.
 40145 | Elf:1    | Found a huge runed translucent gate.
 40145 | Elf:1    | Found a huge runed translucent gate.
 40145 | Elf:1    | Found a huge runed translucent gate.
 40145 | Elf:1    | Found a huge runed translucent gate.
 40146 | Elf:1    | Found a huge runed translucent gate.
 40146 | Elf:1    | Found a huge runed translucent gate.
 40146 | Elf:1    | Found a huge runed translucent gate.
 40147 | Elf:1    | Found a huge runed translucent gate.
 40147 | Elf:1    | Found a huge runed translucent gate.
 40147 | Elf:1    | Found a huge runed translucent gate.
 40147 | Elf:1    | Found a huge runed translucent gate.
 40149 | Elf:1    | Found a huge runed translucent gate.
 40149 | Elf:1    | Found a huge runed translucent gate.
 40149 | Elf:1    | Found a huge runed translucent gate.
 40149 | Elf:1    | Found a huge runed translucent gate.
 41036 | Elf:1    | Found Bupuvof's Gadget Gallery.
 41759 | Vaults:1 | Entered Level 1 of the Vaults
 42263 | Vaults:1 | Reached skill level 10 in Staves
 42304 | Vaults:1 | Reached ****** piety under Vehumet
 42365 | Vaults:1 | Found Naidynni's Antique Armour Shop.
 42374 | Vaults:1 | Bought a pair of glowing gloves for 172 gold pieces
 43178 | Vaults:1 | HP: 3/154 [ironbound frostheart/creeping frost (75)]
 43856 | Vaults:2 | Reached XP level 19. HP: 109/160 MP: 8/37
 43947 | Vaults:2 | Noticed Norris
 43954 | Vaults:2 | Killed Norris
 43961 | Vaults:2 | Found a flickering gateway to a bazaar.
 43989 | Bazaar   | Entered a bazaar
 43989 | Bazaar   | Found Nuor's Antique Armour Emporium.
 44080 | Bazaar   | Found Fewnazer's Antique Weapon Boutique.
 44091 | Bazaar   | Found Lihy's Jewellery Emporium.
 44104 | Bazaar   | Found Totit's Magic Scroll Shop.
 44112 | Bazaar   | Bought a scroll of amnesia for 36 gold pieces
 44112 | Bazaar   | Bought 2 scrolls of fear for 72 gold pieces
 44112 | Bazaar   | Bought a scroll of fear for 36 gold pieces
 44112 | Bazaar   | Bought a scroll of vulnerability for 36 gold pieces
 44112 | Bazaar   | Bought a scroll of teleportation for 27 gold pieces
 44112 | Bazaar   | Bought a scroll of vulnerability for 36 gold pieces
 44112 | Bazaar   | Bought a scroll of vulnerability for 36 gold pieces
 44112 | Bazaar   | Found Beck's General Store.
 44120 | Bazaar   | Bought a scroll of teleportation for 36 gold pieces
 44120 | Bazaar   | Bought a book of Spontaneous Combustion for 456 gold pieces
 44157 | Bazaar   | Bought the death talisman "Cerphoa" {Int+3} for 1731 gold
                  | pieces
 44222 | Vaults:2 | Learned a level 5 spell: Irradiate
 44598 | Vaults:2 | Found a staircase to the Crypt.
 45619 | Vaults:2 | Identified the +2 robe of Fortification {*Slow Fly rF+
                  | rCorr}
 45619 | Vaults:2 | Noticed Boris
 45625 | Vaults:2 | Killed Boris
 45935 | Vaults:2 | Offered knowledge of Shatter by Vehumet.
 45935 | Vaults:2 | Offered knowledge of Chain Lightning by Vehumet.
 45935 | Vaults:2 | Offered knowledge of Maxwell's Capacitive Coupling by
                  | Vehumet.
 46099 | Vaults:3 | Noticed Saint Roka
 46103 | Vaults:3 | Killed Saint Roka
 46394 | Vaults:3 | Acquired the +1 pair of boots "Omahad" {+Blink rF+ Dex-2}
 46499 | Vaults:3 | Found a runed translucent gate.
 46500 | Vaults:3 | Found a runed translucent gate.
 46500 | Vaults:3 | Found a runed translucent gate.
 46568 | Vaults:3 | Reached skill level 5 in Dodging
 46812 | Vaults:3 | Reached XP level 20. HP: 172/172 MP: 38/38
 47048 | Vaults:3 | Noticed TuffENuff's ghost (veteran FoFi)
 47713 | Vaults:3 | Reached skill level 15 in Spellcasting
 48041 | Vaults:4 | Found a portal to a secret trove of treasure.
 48053 | Vaults:4 | Noticed Sojobo
 48067 | Vaults:4 | Killed Sojobo
 48074 | Vaults:4 | Reached skill level 10 in Evocations
 48074 | Vaults:4 | Reached XP level 21. HP: 117/181 MP: 11/40
 48864 | Vaults:4 | Found Cenoiz's Antique Weapon Shop.
 48874 | Vaults:4 | Bought a glowing hand cannon for 305 gold pieces
 50032 | Vaults:4 | Reached skill level 15 in Fighting
 51471 | Vaults:5 | Entered Level 5 of the Vaults
 51763 | Vaults:4 | Noticed Mennas
 51781 | Vaults:4 | Killed Mennas
 52490 | Vaults:5 | Identified the amulet of Zuatz {Spirit Stlth+}
 52492 | Vaults:5 | Reached XP level 22. HP: 163/192 MP: 30/41
 52650 | Vaults:5 | Reached skill level 10 in Dodging
 52781 | Vaults:5 | Noticed a golden dragon
 52787 | Vaults:4 | Reached skill level 16 in Spellcasting
 52798 | Vaults:4 | Learned a level 8 spell: Maxwell's Capacitive Coupling
 52860 | Vaults:5 | Identified the ring "Yllol" {Fire Int+6}
 52869 | Vaults:5 | HP: 6/195 [constriction (7)]
 52997 | Vaults:5 | Noticed a golden dragon
 53011 | Vaults:5 | Killed a golden dragon
 53037 | Vaults:5 | Killed a golden dragon
 53341 | Vaults:5 | Reached skill level 17 in Spellcasting
 53463 | Vaults:5 | Identified the +1 mace of Pulayfih {speed, ^Fragile rF+
                  | Dex+2}
 53977 | Vaults:5 | Identified the +2 mace "Tuaciden" {antimagic, Will+ Int+2}
 54013 | Vaults:5 | Identified the ring "Zoshitha" {+Blink rPois rF+ rCorr
                  | Str+4}
 54162 | Vaults:5 | Got a silver rune of Zot
 55195 | D:15     | Noticed Louise
 55199 | D:15     | Killed Louise
 55541 | Depths:1 | Entered Level 1 of the Depths
 55672 | Depths:1 | Reached skill level 18 in Spellcasting
 55898 | Depths:1 | Found a bloodstained altar of Trog.
 56269 | Depths:1 | Found a gateway to Hell.
 56442 | Depths:1 | Learned a level 8 spell: Ignition
 56937 | Depths:2 | Found a one-way gate leading to the halls of Pandemonium.
 57253 | Depths:2 | Reached skill level 1 in Shapeshifting
 57627 | Vaults:4 | You paid a toll of 16 potions of curing to enter a treasure
                  | trove
 57628 | Trove    | Entered a treasure trove
 57647 | Trove    | Identified the +2 pair of gloves "Vuemuegi" {+Blink rC+}
 57650 | Trove    | Identified the amulet of Jakuo {Acrobat rF- rCorr MP+9
                  | Dex+5}
 57655 | Trove    | Identified the +4 lajatang of Okawaru's Supremacy {holy,
                  | Will- Str+3 Dex+4}
 58148 | Depths:2 | Noticed Asterion
 58154 | Depths:2 | Killed Asterion
 58192 | Depths:2 | Reached skill level 19 in Spellcasting
 58602 | Depths:2 | Reached XP level 23. HP: 192/193 MP: 38/46
 58611 | Depths:2 | Reached skill level 15 in Fire Magic
 59526 | Depths:2 | Noticed Jory
 59531 | Depths:2 | Killed Jory
 59647 | Depths:2 | Found an ancient bone altar of Kikubaaqudgha.
 59750 | Depths:3 | Found a one-way gate to the infinite horrors of the Abyss.
 59750 | Depths:3 | Found a one-way gateway to a ziggurat.
 59750 | Depths:3 | Identified the +2 tower shield of the Sky {Slay+3}
 61197 | Depths:3 | Found a runed translucent door.
 61197 | Depths:3 | Noticed a caustic shrike
 61513 | Depths:3 | Learned a level 9 spell: Chain Lightning
 61602 | Depths:4 | Entered Level 4 of the Depths
 61667 | Depths:4 | Reached skill level 5 in Shapeshifting
 61994 | Depths:4 | Reached skill level 20 in Spellcasting
 62400 | Depths:4 | Found a gate to the Realm of Zot.
 63298 | Zot:1    | Entered Level 1 of the Realm of Zot
 63939 | Zot:1    | Noticed a curse toe
 63943 | Zot:1    | Killed a curse toe
 63995 | Zot:1    | Noticed an orb of fire
 64000 | Zot:1    | Killed an orb of fire
 64178 | Zot:1    | Reached XP level 24. HP: 210/210 MP: 46/47
 64546 | Zot:2    | Noticed a Killer Klown
 64560 | Zot:2    | Killed a Killer Klown
 65318 | Zot:2    | Noticed Vv
 65322 | Zot:2    | Killed Vv
 66145 | Zot:3    | Noticed an orb of fire
 66157 | Zot:3    | Killed an orb of fire
 66158 | Zot:3    | Reached skill level 21 in Spellcasting
 67833 | Zot:4    | Learned a level 9 spell: Fire Storm
 67949 | Zot:4    | Noticed Parghit
 67953 | Zot:4    | Killed Parghit
 67991 | Zot:4    | Noticed an orb of fire
 68005 | Zot:4    | Killed from afar by a storm dragon

Illustrated notes

Levels and vault maps discovered:
D:1:      dpeg_arrival_stone_temple_mockup, layout_basic, minmay_statues_item
D:2:      layout_loops_ring, minmay_cupped
D:3:      layout_basic, uniq_jessica
D:4:      layout_basic, serial_shops, shop, uniq_duvessa
D:5:      layout_gridville, cheibrodos_sewer_entry_bend
D:6:      layout_basic, minmay_temple_entry_mist, minmay_fractal_squares_5,
          uniq_pikel, uniq_eustachio, uniq_grinder, uniq_crazy_yiuf_cottage
D:7:      layout_gridville, minmay_stone_trees_small,
          nicolae_houndstooth_variations
D:8:      minmay_slanted_spiral_squares, layout_gridville,
          chequers_temple_overflow_statue_of_worship, lemuel_flame_loot_1
D:9:      layout_long_grid, minmay_lair_entry_lava, serial_co_window_serial,
          co_window_cross_1, co_window_corner_a, co_window_paths_a,
          co_window_paths_a, co_window_paths_b, co_window_of_opportunity_c,
          co_window_2corner, co_window_paths_c, co_window_cross_4,
          co_window_corner_cb, co_window_cross_4, co_window_paths_c,
          glass_columns_a, glass_columns_a, glass_columns_b, glass_columns_b,
          glass_columns_b, hangedman_decor_push
D:10:     layout_big_octagon
D:11:     layout_roguey [special_room_orc]
D:12:     layout_loops_ring, minmay_statue_bubble
D:13:     layout_small_grid, david_vaults_2, hangedman_decor_peaks_small
D:14:     layout_small_grid, gammafunk_ghost_grave, uniq_lodul
D:15:     hangedman_crystal_crosses_colossus [crystal_crosses_arms_four,
          crystal_crosses_arms_four, crystal_crosses_arms_one], uniq_louise,
          uniq_agnes
Temple:   nicolae_temple_no_exploring_needed
Lair:1:   layout_cave_pods, uniq_erica
Lair:2:   hellmonk_ruined_rings, layout_gridlike,
          nicolae_swamp_entry_splash_gauntlet, alex1729_snake_entry_snake,
          serial_forest, infiniplex_forest_clump_curved,
          infiniplex_forest_clump_tiny, infiniplex_forest_corner_1,
          infiniplex_forest_end_1, infiniplex_forest_straight_1,
          infiniplex_forest_clump_medium, infiniplex_forest_straight_3,
          nicolae_volcano_entry_hallway
Lair:3:   layout_small_grid
Lair:4:   layout_roguey [special_room_bee], gammafunk_ghost_cemetery,
          minmay_lair_oklob_bushes, uniq_josephine
Lair:5:   evilmike_catoblepas_cave, layout_regular_city, slime_entry_2,
          serial_bayou_shore_a, grunt_megastairs_4
Swamp:1:  layout_falls_marsh, nicolae_swamp_feature_on_the_river_bank,
          swamp_pool_1_2
Swamp:2:  layout_falls_marsh, nicolae_swamp_big_swirl, uniq_jorgrun,
          uniq_mlioglotl
Swamp:3:  layout_basic_swamp, evilmike_swamp_ruin_rubble_1,
          nicolae_swamp_decorative_isthmus, uniq_bai_suzhen
Swamp:4:  swamp, layout_basic_swamp, swamp_pool_1_2, nicolae_swamp_fairy_circle
Snake:1:  layout_onion_interference, serial_bayou_shore_b
Snake:2:  layout_cave_town, nrook_guardian_serpent_ordinary
Snake:3:  layout_rooms, portal_ice_cave_entry_dragon
Snake:4:  grunt_snake_rune_serpentine_throne, layout_misc_corridors,
          minmay_shop_mayhem, st_stairs_5, uniq_vashnia, uniq_aizul, uniq_mara,
          uniq_roxanne
Orc:1:    layout_caves, basic_altar
Orc:2:    grunt_orc_cross, layout_diamond_mine, hellmonk_ghost_happy_afterlife,
          regret_index_xom_of_box, uniq_erolcha, uniq_urug
Elf:1:    minmay_elf_arrival_summoners, layout_geoelf_diagonals,
          hangedman_elf_represent, minivault_4, nicolae_shop_gadgets,
          uniq_frances
Elf:2:    elven_hall_of_blades_hangedman_original [nooodl_blade_entry_preview],
          layout_gridlike, drop_trap, st_stairs_5
Vaults:1: nicolae_vaults_closet_pinwheel_4, hangedman_vaults_maws,
          nicolae_vaults_house_3, ontoclasm_vaults_misaligned,
          nicolae_vaults_shelves_hall, vaults_mumra_minichess_inversion,
          nicolae_vaults_little_squares_3, vaults_mumra_chevron_long,
          nicolae_vaults_spaceships, v_pattern_4, v_misc_3,
          ontoclasm_vaults_misaligned, vaults_dpeg_hooks,
          layout_vaults_omnicross, serial_shops, shop
Vaults:2: minmay_crypt_entry_simple_corners, nicolae_vaults_bisected_slash,
          nicolae_vaults_closet_pinwheel_2, nicolae_vaults_two_Ls,
          nicolae_vaults_oval_intersection, v_misc_12, nicolae_vaults_little_ls,
          nicolae_vaults_specimen_jars, nicolae_vaults_tetromino_L_2, v_misc_14,
          v_misc_18, nicolae_vaults_house_3, layout_vaults_quadrants,
          serial_shops, bzr_entry_customers, uniq_norris, uniq_boris
Vaults:3: gammafunk_ghost_tricky_traps, serial_library_hellmonk_open_square,
          nicolae_vaults_diagonal_hallway_7, v_pattern_1,
          nicolae_vaults_tetromino_Z_2, nicolae_vaults_wine_cellar,
          nicolae_vaults_frosty_reception, nicolae_vaults_trapezoid_2,
          vaults_room_grunt_arrival_ludios, nicolae_vaults_trapezoid_lopsided_1,
          nicolae_vaults_apartment_2, hangedman_vaults_stitches,
          v_alt_pattern_5, vaults_mumra_lcd, nicolae_vaults_little_squares_2,
          layout_vaults_omnibox, uniq_saint_roka
Vaults:4: vaults_mumra_hex, v_misc_11, nicolae_vaults_network_star,
          nicolae_vaults_storage_closets_3, grunt_vaults_swirl,
          nicolae_vaults_weapon_check, nicolae_vaults_oval_intersection,
          nicolae_vaults_little_squares_4, nicolae_vaults_crenellated_ambush,
          nicolae_vaults_tetromino_Z_2, layout_vaults_chaotic_city,
          enter_trove_3, serial_shops, shop, uniq_sojobo, uniq_mennas
Vaults:5
Depths:1: layout_basic, trog_three_pillars_becter, hell_entry, drop_trap,
          eino_tiny_chamber, wad_mini_maze
Depths:2: lemuel_vampire_tower, layout_gridlike, hell_entry,
          hangedman_decor_growths, rand_demon_pan_entry_8, corexii_corridor_pit,
          uniq_asterion
Depths:3: minmay_the_grid_square_5x5_3x3 [minmay_the_grid_square_5x5_n_small,
          minmay_the_grid_square_5x5_lines, minmay_the_grid_square_5x5_inset,
          minmay_the_grid_square_5x5_three,
          minmay_the_grid_square_5x5_megaprize_hollow,
          minmay_the_grid_square_5x5_two, minmay_the_grid_square_5x5_moneybag,
          minmay_the_grid_square_5x5_spiral, minmay_the_grid_square_5x5_eight],
          layout_cave_pools, enter_ziggurat_d, abyss_entry_crystal,
          lightli_too_deep, kennysheep_treasure_room
Depths:4: evilmike_zot_entry_argh, layout_cave_pools, pf_coc_iceberg,
          grunt_decor_cap, rand_demon_pan_entry_7, drop_trap,
          minmay_misc_feat_room
Zot:1:    layout_basic, regret_index_zotdec_banners
Zot:2:    layout_gridlike, regret_index_zotdec_tunneler, uniq_vv, uniq_josephina
Zot:3:    layout_twisted_circle, regret_index_zotdec_bone_old
Zot:4:    grunt_zot_stairs_mandelzot, layout_concentric_octagons,
          hangedman_zot_gyre, uniq_parghit

Skill      XL: |  1  2  3  4  5  6  7  8  9 10 11 12 13 14 15 16 17 18 19 20 21 22 23 24 |
---------------+-------------------------------------------------------------------------+-----
Dodging        | 2 5 6 9 10 | 10.0
Stealth        | 2 |  2.0
Fighting       | 1 2 3 4 5 6 7 8 9 10 11 12 13 14 16 | 16.0
Conjurations   | 2 3 4 5 6 7 8 10 | 10.3
Spellcasting   | 3 4 5 7 8 9 10 12 14 15 19 20 21 | 21.5
Air Magic      | 4 5 6 9 10 14 | 14.0
Alchemy        | 1 2 4 6 9 10 11 13 14 | 14.0
Ice Magic      | 5 7 8 10 | 10.0
Hexes          | 4 |  4.0
Evocations     | 3 4 5 7 9 10 12 | 12.0
Shields        | 4 6 |  6.0
Fire Magic     | 5 8 11 14 17 18 | 18.0
Staves         | 3 6 8 12 | 12.0
Shapeshifting  | 2 6 8 |  8.3

Action                     |  1- 3 |  4- 6 |  7- 9 | 10-12 | 13-15 | 16-18 | 19-21 | 22-24 || total
---------------------------+-------+-------+-------+-------+-------+-------+-------+-------++-------
  Melee: Unarmed           |     1 |       |       |       |       |       |       |       ||     1
         Dagger            |     3 |    51 |   151 |   218 |   293 |       |       |       ||   716
         Tailslap          |     1 |     6 |    27 |    52 |    92 |    19 |    38 |    37 ||   272
         Staff             |       |       |       |       |   120 |   154 |   130 |   120 ||   524
   Cast: Shock             |    62 |    71 |     5 |    11 |     4 |       |       |       ||   153
         Mercury Vapours   |       |    11 |    21 |    14 |    16 |     1 |       |       ||    63
         Static Discharge  |       |    14 |    27 |    31 |    11 |       |       |       ||    83
         Mephitic Cloud    |       |       |    11 |    18 |     4 |     2 |       |       ||    35
         Airstrike         |       |       |    41 |    43 |    47 |     4 |       |       ||   135
         Freezing Cloud    |       |       |       |    34 |   213 |    81 |     9 |     1 ||   338
         Frozen Ramparts   |       |       |       |    10 |    77 |     4 |       |       ||    91
         Yara's Violent Un |       |       |       |       |     4 |     8 |     1 |     1 ||    14
         Conjure Ball Ligh |       |       |       |       |     2 |       |       |       ||     2
         Hailstorm         |       |       |       |       |    53 |    52 |       |       ||   105
         Fireball          |       |       |       |       |    11 |       |     3 |       ||    14
         Arcjolt           |       |       |       |       |     4 |     4 |     3 |       ||    11
         Plasma Beam       |       |       |       |       |       |   381 |   269 |   398 ||  1048
         Ozocubu's Refrige |       |       |       |       |       |    30 |    35 |    31 ||    96
         Olgreb's Toxic Ra |       |       |       |       |       |     8 |     2 |       ||    10
         Irradiate         |       |       |       |       |       |       |    24 |     9 ||    33
         Maxwell's Capacit |       |       |       |       |       |       |       |    85 ||    85
         Ignition          |       |       |       |       |       |       |       |     3 ||     3
Ability: Breathe Noxious F |       |       |    24 |    23 |     7 |     2 |     1 |     2 ||    59
         Evoke Blink       |       |       |       |       |       |       |       |     1 ||     1
  Evoke: Wand              |       |       |     3 |       |     6 |    14 |    15 |    18 ||    56
         Tin of tremorston |       |       |       |       |       |     2 |     6 |     2 ||    10
    Use: Scroll            |       |     7 |     8 |     9 |    15 |    15 |     5 |    13 ||    72
         Potion            |       |       |       |     1 |     7 |    11 |     6 |    14 ||    39
   Stab: Sleeping          |       |     2 |       |       |       |       |       |       ||     2
         Confused          |       |       |     9 |    11 |     1 |       |       |       ||    21
         Paralysed         |       |       |       |       |     8 |       |       |     4 ||    12
         Distracted        |       |       |       |       |       |       |       |     1 ||     1
 Armour: Skin              |    22 |    91 |   159 |   252 |   665 |   496 |   237 |   422 ||  2344
  Dodge: Dodged            |    25 |    64 |    85 |   133 |   306 |   177 |   133 |   200 ||  1123
  Block: Buckler           |       |       |       |       |    85 |    82 |    63 |    58 ||   288

Table legend: (Time is in decaauts)
 A = Elapsed time spent in this place.
 B = Non-inter-level travel time spent in this place.
 C = Inter-level travel time spent in this place.
 D = Time resting spent in this place.
 E = Time spent auto-exploring this place.
 F = Levels seen in this place.
 G = Mean time per level.
                   A        B        C        D        E       F      G
               +--------+--------+--------+--------+--------+-----+--------+
         Total |  68017 |  64474 |   3543 |  20642 |  31736 |  50 | 1360.3 |
       Dungeon |  18803 |  17534 |   1269 |   3553 |  10575 |  15 | 1253.5 |
        Temple |     14 |      2 |     12 |      0 |      0 |   1 |   14.0 |
          Lair |   6760 |   6312 |    448 |   1155 |   3805 |   5 | 1352.0 |
         Swamp |   6366 |   6103 |    263 |   3751 |   1368 |   4 | 1591.5 |
     Snake Pit |   5131 |   5064 |     67 |   1865 |   2218 |   4 | 1282.8 |
  Orcish Mines |   3190 |   3087 |    103 |   1254 |   1140 |   2 | 1595.0 |
   Elven Halls |   1785 |   1729 |     56 |    831 |    491 |   2 |  892.5 |
        Vaults |  13491 |  12556 |    935 |   4683 |   5701 |   5 | 2698.2 |
        Depths |   7086 |   6791 |    295 |   2053 |   3832 |   4 | 1771.5 |
           Zot |   4715 |   4623 |     92 |   1294 |   2538 |   4 | 1178.8 |
        Bazaar |    211 |    211 |      0 |     75 |      0 |   1 |  211.0 |
         Trove |     71 |     71 |      0 |      0 |      0 |   1 |   71.0 |
         Sewer |    219 |    219 |      0 |     41 |     67 |   1 |  219.0 |
       Volcano |    167 |    167 |      0 |     85 |      0 |   1 |  167.0 |
               +--------+--------+--------+--------+--------+-----+--------+

Top non-repeatable levels by time:
Vaults:4: 4770 daAuts
   Orc:2: 2591 daAuts
Vaults:1: 2433 daAuts
 Swamp:2: 2414 daAuts
Vaults:5: 2159 daAuts
Depths:2: 2121 daAuts
Vaults:2: 2099 daAuts
    D:15: 2070 daAuts
Vaults:3: 2028 daAuts
   Zot:2: 1964 daAuts
Depths:3: 1764 daAuts
    D:14: 1718 daAuts
 Snake:4: 1683 daAuts
Depths:1: 1632 daAuts
  Lair:2: 1614 daAuts
